 Dungeon Crawl Stone Soup version 0.19-a0-559-ga3d69d0 (webtiles) character file.

28 mistymad the Sneak (level 2, 0/20 HPs)
             Began as a Vampire Enchanter on June 8, 2016.
             Succumbed to an adder's poison
             ... on level 2 of the Dungeon.
             The game lasted 00:02:10 (911 turns).

mistymad the Sneak (Vampire Enchanter)               Turns: 911, Time: 00:02:11

Health: 0/20       AC:  5    Str:  7    XL:     2   Next: 96%
Magic:  1/5        EV: 13    Int: 17    God:
Gold:   91         SH:  0    Dex: 14    Spells: 2 memorised, 2 levels left

rFire  . . .     SeeInvis +     a - +1 dagger
rCold  . . .     Gourm    .     b - +1 robe
rNeg   + . .     Faith    .     (no shield)
rPois  .         Spirit   .     (no helmet)
rElec  .         Dismiss  .     (no cloak)
rCorr  .         Reflect  .     h - +1 pair of gloves
SustAt .         Harm     .     (no boots)
MR     .....                    (no amulet)
Stlth  +++.......               (no ring)
                                (no ring)

@: lethally poisoned (0 -> -7), not resistant to hostile enchantments, fairly
stealthy
A: fangs 3, see invisible, unbreathing
a: no special abilities


You were on level 2 of the Dungeon.
You were not thirsty.

You visited 1 branch of the dungeon, and saw 2 of its levels.

You collected 91 gold pieces.

Inventory:

Hand Weapons
 a - a +1 dagger (weapon)
Armour
 b - a +1 robe (worn)
 h - a +1 pair of gloves (worn)
Jewellery
 i - an uncursed ring of protection from magic {unknown}
Scrolls
 e - 2 scrolls of teleportation {unknown}
 f - 2 scrolls of magic mapping {unknown}
Potions
 d - 4 potions of blood
 g - a potion of agility {unknown}
Books
 c - a book of Maledictions

   Spells                             Type                      Level
   a - Corona                         Hexes                        1
   b - Ensorcelled Hibernation        Hexes/Ice                    2
   c - Confuse                        Hexes                        3
   d - Tukima's Dance                 Hexes                        3
   e - Dazzling Spray                 Conjuration/Hexes            3


   Skills:
 + Level 0.6 Fighting
 + Level 1.8 Short Blades
 + Level 2.5 Dodging
 + Level 4.6 Stealth
 + Level 2.2 Spellcasting
 + Level 4.6 Hexes


You had 2 spell levels left.
You knew the following spells:

 Your Spells              Type           Power        Failure   Level  Hunger
a - Corona                Hex            ###....      2%          1    #......
b - Ensorcelled Hibernat  Hex/Ice        #.....       14%         2    ###....


Dungeon Overview and Level Annotations

Branches:
Dungeon (2/15)

Altars:
Okawaru

Annotations:
D:2 Terence


Innate Abilities, Weirdness & Mutations

You have razor-sharp teeth.
You have supernaturally acute eyesight. (SInv)
You can survive without breathing.


Message History

The adder bites you.
* * * LOW HITPOINT WARNING * * *
Terence misses you.
You take 3 damage, and have 3/20 hp.
You hit the adder but do no damage.
The adder is moderately wounded.
The adder barely misses you. Terence barely misses you.
You hit the adder but do no damage.
The adder is moderately wounded.
The adder closely misses you. x2
You hit the adder.
The adder is heavily wounded.
Terence misses you. The adder bites you.
* * * LOW HITPOINT WARNING * * *
You are more poisoned.
The adder poisons you!
You take 3 damage, and have 1/20 hp.
You barely miss the adder.
The adder is heavily wounded.
You die...

## .. #.# #.# ###.#
#...##
#####....####..
#.S@..._......
#@####....###..!..
#.# ##...# #.....
####.# #.### #.....
#....# #.# #.....
#.########.#####.$...
#.# #.............>.
#.# #............#
#.# #............#
#.# ###########.....


You could see Terence and an adder.

Vanquished Creatures
  A dart slug (D:1)
  A giant cockroach (D:1)
  4 goblins (D:1)
  7 hobgoblins (D:1)
  3 kobolds (D:1)
  2 bats (D:1)
  A giant newt (D:1)
  4 rats (D:1)
23 creatures vanquished.

Notes
Turn   | Place    | Note
--------------------------------------------------------------
     0 | D:1      | mistymad the Vampire Enchanter began the quest for the Orb.
     0 | D:1      | Reached XP level 1. HP: 13/13 MP: 3/3
   148 | D:1      | Reached XP level 2. HP: 15/20 MP: 5/5
   152 | D:1      | Learned a level 2 spell: Ensorcelled Hibernation
   871 | D:2      | Found an iron altar of Okawaru.
   881 | D:2      | Noticed Terence
   910 | D:2      | HP: 1/20 [adder (3)]
   911 | D:2      | Succumbed to an adder's poison

Vault maps used:
D:1:      lightli_arrival_farm
D:2:      kennysheep_six_static_rooms, grunt_qazlal_clouds,
          nicolae_overflow_crystal_walls, first_bread, grunt_pakellas_basics,
          uniq_jessica, uniq_terence

Action                   || total
-------------------------++-------
Melee: Dagger            ||    83
       Bite              ||     6
 Cast: Ensorcelled Hiber ||     5
 Stab: Sleeping          ||     5
Armor: Robe              ||    21
Dodge: Dodged            ||    57
